 Seeded DCSS version 0.29-a0-284-gf9362112df (webtiles) character file.

Game seed: 10280712991196613600 (custom seed)

2335 bwicke the Slicer (level 9, -7/43 HPs)
             Began as a Vine Stalker Fighter on Mar 30, 2022.
             Was a Follower of Uskayaw.
             Mangled by a seven-headed hydra (9 damage)
             ... on level 6 of the Dungeon on Mar 31, 2022.
             The game lasted 00:17:59 (5397 turns).

bwicke the Slicer (Vine Stalker Fighter)            Turns: 5397, Time: 00:18:00

Health: -7/43      AC: 11    Str: 27    XL:     9   Next: 42%
Magic:  0/10       EV:  9    Int: 14    God:    Uskayaw [*.....]
Gold:   243        SH:  5    Dex: 18    Spells: 8/8 levels left

rFire   . . .      SeeInvis .   t - +9 dagger "Killer Bee's Doom" {vorpal, *Slow rElec rPois Str+8}
rCold   . . .      Faith    .   c - +0 buckler
rNeg    . . .      Spirit   +   b - +0 scale mail
rPois   +          Reflect  .   (no helmet)
rElec   +          Harm     .   (no cloak)
rCorr   .          Rampage  .   (no gloves)
Will    +....                   f - +0 pair of boots
Stlth   +++.......              (no amulet)
HPRegen 0.94/turn               D - +4 ring of protection
MPRegen 0.12/turn               F - +6 ring of intelligence

@: no status effects
A: fangs 3, regeneration 1, magic shield, antimagic bite, no potion heal 2
a: Renounce Religion, Stomp


You were on level 6 of the Dungeon.
You worshipped Uskayaw.
Uskayaw was noncommittal.
You visited 2 branches of the dungeon, and saw 8 of its levels.

You collected 243 gold pieces.

Inventory:

Hand Weapons
 a - a +0 rapier
 k - a +0 hand axe
 p - a +0 spear
 q - a +0 scimitar
 t - the +9 dagger "Killer Bee's Doom" (weapon) {vorpal, *Slow rElec rPois Str+8}
   (You found it on level 3 of the Dungeon)

   It inflicts extra damage upon your enemies.
   Str:       It affects your strength (+8).
   rElec:     It insulates you from electricity.
   rPois:     It protects you from poison.
   *Slow:     It may slow you when you take damage.
 v - a +0 trident
 x - a +2 whip of electrocution
 y - a +1 short sword of venom
 B - a +2 whip of freezing
 H - a +0 hunting sling
Missiles
 g - 138 stones (quivered)
Armour
 b - a +0 scale mail (worn)
 c - a +0 buckler (worn)
 f - a +0 pair of boots (worn)
 l - a +0 chain mail
Jewellery
 D - a +4 ring of protection (left hand)
 F - a +6 ring of intelligence (right hand)
Wands
 n - a wand of charming (5)
 E - a wand of polymorph (12)
 J - a wand of iceblast (8)
Scrolls
 e - 3 scrolls of vulnerability
 h - a scroll of acquirement {unknown}
 j - 2 scrolls of summoning
 o - a scroll of torment
 r - 2 scrolls of immolation
 s - a scroll of teleportation
 u - a scroll of magic mapping
 w - a scroll of blinking {unknown}
 A - 2 scrolls of enchant weapon {unknown}
 C - a scroll of noise {unknown}
 G - a scroll of amnesia {unknown}
Potions
 d - 3 potions of might
 i - a potion of curing
 m - a potion of magic {unknown}
 z - a potion of attraction {unknown}
 I - a potion of invisibility {unknown}


   Skills:
 - Level 2.6 Fighting
 - Level 10.0 Short Blades
 - Level 2.4 Armour
 + Level 8.0 Stealth
 - Level 2.6 Shields


You had 8 spell levels left.
You didn't know any spells.
Your spell library was empty.

Dungeon Overview and Level Annotations

Branches:
Dungeon (7/15)             Temple (1/1) D:4

Altars:
Cheibriados
Dithmenos
Elyvilon
Fedhas
Gozag
Hepliaklqana
Kikubaaqudgha
Makhleb
Nemelex Xobeh
Okawaru
Qazlal
Ru
Sif Muna
Trog
Uskayaw
Vehumet
Wu Jian
Xom
Yredelemnul
Zin
The Shining One

Shops:
D:5 (

Annotations:
D:7 Dowan, Duvessa


Innate Abilities, Weirdness & Mutations

You have razor-sharp teeth.
Your natural rate of healing is unusually fast.
When hurt, damage is shared between your health and your magic reserves.
Your bite disrupts and absorbs the magic of your enemies.
Potions cannot restore your health.


Message History

Duvessa hits you but does no damage. The jelly hits you but does no damage.
The orc drinks a potion.
The orc suddenly seems more resistant.
The water moccasin bites you but does no damage.
You block Duvessa's attack.
The seven-headed hydra bites you but does no damage. x2
The seven-headed hydra bites you! x2
The seven-headed hydra barely misses you.
The seven-headed hydra bites you but does no damage.
The seven-headed hydra barely misses you.
You climb upwards.
There is a stone staircase leading down here.
Items here: )) [[ †.
Okay, then.
Okay, then.
Unknown command.
Unknown command.
Unknown command.
You puncture the water moccasin! Your bite misses the water moccasin.
The water moccasin is moderately wounded.
The water moccasin bites you but does no damage.
The jelly hits you but does no damage.
You closely miss the water moccasin.
The water moccasin is moderately wounded.
The seven-headed hydra bites you. x3
* * * LOW HITPOINT WARNING * * *
The seven-headed hydra bites you but does no damage.
The seven-headed hydra barely misses you.
The seven-headed hydra closely misses you.
The seven-headed hydra bites you.
* * * LOW HITPOINT WARNING * * *
Okay, then.
It was a potion of curing.
That felt strangely inert.
You block the water moccasin's attack. You block the jelly's attack.
The water moccasin bites you but does no damage.
The seven-headed hydra bites you but does no damage. x2
The seven-headed hydra bites you!
* * * LOW HITPOINT WARNING * * *
The seven-headed hydra bites you but does no damage. x2
The seven-headed hydra bites you!
You die...

#..## ##..............##.
#.## ##.............###.
#.## ##..##..........###.
##.###..####.#####....##.
##....## #...###.#.....
#.###..# ##.....#.####.#
##.# ##.###..#.....# #.#
#.## ##D##.####...# ##.#
##.# #@#..###....###..#
#.## ##SJ..........##..#
##.###.##..#..###..#....
### #.#..###..#..#
#....... #.## #...##
##.#..###....#..
##.####.##
#..#..#...#..###
##......####..#......#..#
#
##......#........#..#..#
##...............##..#..#
#


You could see a seven-headed hydra, a water moccasin and a jelly.

Vanquished Creatures
  A wyvern (D:5)
  4 humans (D:6)
  Menkaure (Temple)
  A sky beast (D:6)
  2 ice beasts (D:5)
  2 phantoms
  3 scorpions
  A necrophage (D:6)
  4 wights
  A howler monkey (D:4)
  A hound (D:4)
  4 jellies
  A gnoll shaman (D:5)
  4 iguanas
  2 orc wizards (D:6)
  4 adders
  16 gnolls
  A shadow imp (D:5)
  A dart slug (D:2)
  8 orcs
  7 ball pythons
  3 bats (D:1)
  4 endoplasms
  5 giant cockroaches
  9 hobgoblins
  13 jackals
  5 quokkas
  4 frilled lizards
  4 goblins
  4 kobolds
  5 rats
125 creatures vanquished.

Notes
Turn   | Place    | Note
-------+----------+-------------------------------------------
     0 | D:1      | bwicke the Vine Stalker Fighter began the quest for the
                  | Orb.
     0 | D:1      | Reached XP level 1. HP: 11/11 MP: 2/2
    69 | D:1      | Reached skill level 2 in Short Blades
   155 | D:1      | Reached XP level 2. HP: 12/16 MP: 3/3
   632 | D:1      | Reached skill level 3 in Short Blades
   635 | D:1      | Reached XP level 3. HP: 16/19 MP: 2/4
  1236 | D:2      | Found a radiant altar of Vehumet.
  1473 | D:2      | Found a faded altar of an unknown god.
  1495 | D:2      | Gained mutation: Your natural rate of healing is unusually
                  | fast. [Vine Stalker growth]
  1495 | D:2      | Reached XP level 4. HP: 12/23 MP: 3/5
  1858 | D:3      | Found a basalt altar of Yredelemnul.
  1878 | D:3      | Reached skill level 4 in Short Blades
  2134 | D:3      | Noticed a scorpion
  2144 | D:3      | Killed a scorpion
  2145 | D:3      | Reached skill level 5 in Short Blades
  2145 | D:3      | Reached XP level 5. HP: 19/27 MP: 3/6
  2316 | D:3      | Identified the +9 dagger "Killer Bee's Doom" {vorpal, *Slow
                  | rElec rPois Str+8}
  2766 | D:4      | Reached XP level 6. HP: 32/32 MP: 7/7
  2769 | D:4      | Found a staircase to the Ecumenical Temple.
  2770 | D:4      | Noticed Menkaure
  2780 | Temple   | Entered the Ecumenical Temple
  2783 | Temple   | Killed Menkaure
  2784 | Temple   | Reached skill level 6 in Short Blades
  3091 | D:4      | Reached XP level 7. HP: 35/35 MP: 8/8
  3183 | D:4      | Reached skill level 7 in Short Blades
  3187 | D:4      | Found a hide-covered altar of Uskayaw.
  3195 | D:4      | Became a worshipper of Uskayaw the Reveller
  3302 | D:4      | Found a snail-covered altar of Cheibriados.
  3416 | D:5      | Entered Level 5 of the Dungeon
  3422 | D:5      | Reached * piety under Uskayaw
  3424 | D:5      | Reached ** piety under Uskayaw
  3427 | D:5      | Reached *** piety under Uskayaw
  3438 | D:5      | Reached **** piety under Uskayaw
  3441 | D:5      | Reached ***** piety under Uskayaw
  3533 | D:5      | Reached skill level 8 in Short Blades
  3539 | D:5      | Noticed a wyvern
  3549 | D:5      | Killed a wyvern
  3550 | D:5      | Gained mutation: You have razor-sharp teeth. [Vine Stalker
                  | growth]
  3550 | D:5      | Reached XP level 8. HP: 11/39 MP: 4/9
  3828 | D:5      | Reached skill level 9 in Short Blades
  3839 | D:5      | Found Ywkexok's Weapon Shop.
  4141 | D:6      | Reached skill level 10 in Short Blades
  4254 | D:6      | Reached XP level 9. HP: 41/43 MP: 10/10
  4285 | D:6      | Reached skill level 5 in Stealth
  5350 | D:7      | Noticed Duvessa
  5362 | D:7      | Noticed a seven-headed hydra
  5363 | D:7      | Noticed Dowan
  5397 | D:6      | HP: 2/43 [seven-headed hydra (7)]
  5397 | D:6      | Mangled by a seven-headed hydra

Illustrated notes

Levels and vault maps discovered:
D:1:      saegor_arrival_simple_d, layout_loops_ring
D:2:      layout_loops_cross, nicolae_ecumenical_snake_handling, basic_altar,
          serial_bayou_lagoon_a
D:3:      layout_basic, mainiacjoe_overflow_brackets
D:4:      layout_rooms, lemuel_tele_altar, eat_drink_and_be_merry_uskayaw,
          minmay_temple_entry_sparse_star, uniq_menkaure
D:5:      layout_rooms, serial_shops, shop, grunt_decor_mini_mirrors
D:6:      layout_layer_cave, minmay_ruffians
D:7:      layout_basic, uniq_duvessa, uniq_maggie
Temple:   minmay_crystal_spiral_temple

Skill      XL: |  1  2  3  4  5  6  7  8  9 |
---------------+----------------------------+-----
Short Blades   | 2 3 5 6 8 10 | 10.0
Stealth        | 4 8 |  8.0
Fighting       | |  2.6
Armour         | |  2.4
Shields        | |  2.6

Action                   |  1- 3 |  4- 6 |  7- 9 || total
-------------------------+-------+-------+-------++-------
Melee: Rapier            |    91 |    61 |       ||   152
       Bite              |    11 |    21 |    55 ||    87
       Dagger            |       |    24 |   176 ||   200
Invok: Stomp             |       |       |     2 ||     2
       Line Pass         |       |       |     2 ||     2
Evoke: Wand              |       |       |     1 ||     1
  Use: Scroll            |       |     5 |     2 ||     7
       Potion            |       |     1 |     1 ||     2
 Stab: Paralysed         |       |       |     6 ||     6
       Confused          |       |       |     1 ||     1
Armor: Scale mail        |    35 |    22 |    48 ||   105
Dodge: Dodged            |    29 |    28 |    54 ||   111
Block: Buckler           |    16 |    14 |    34 ||    64

Table legend: (Time is in decaauts)
 A = Elapsed time spent in this place.
 B = Non-inter-level travel time spent in this place.
 C = Inter-level travel time spent in this place.
 D = Time resting spent in this place.
 E = Time spent auto-exploring this place.
 F = Levels seen in this place.
 G = Mean time per level.
                   A        B        C        D        E       F      G
               +--------+--------+--------+--------+--------+-----+--------+
         Total |   5339 |   5115 |    224 |      0 |   4033 |   8 |  667.4 |
       Dungeon |   5146 |   5009 |    137 |      0 |   4026 |   7 |  735.1 |
        Temple |    192 |    105 |     87 |      0 |      7 |   1 |  192.0 |
               +--------+--------+--------+--------+--------+-----+--------+

Top non-repeatable levels by time:
     D:6: 1347 daAuts
     D:1: 1237 daAuts
     D:3: 924 daAuts
     D:2: 607 daAuts
     D:5: 555 daAuts
     D:4: 454 daAuts
  Temple: 192 daAuts
     D:7: 20 daAuts
